 Dungeon Crawl Stone Soup version 0.18.1-1-g2f07953 (webtiles) character file.

139 lightmor the Conjurer (level 5, 30/31 HPs)
             Began as an Octopode Wizard on May 7, 2016.
             Quit the game on level 2 of the Dungeon.
             The game lasted 00:08:08 (2985 turns).

lightmor the Conjurer (Octopode Wizard)             Turns: 2985, Time: 00:08:09

Health: 30/31      AC:  1    Str:  6    XL:     5   Next: 22%
Magic:  9/9        EV: 12    Int: 22    God:
Gold:   113        SH:  2    Dex: 10    Spells: 4 memorised, 1 level left

rFire  . . .     SeeInvis .     h - +5 club
rCold  . . .     Gourm    .     (no shield)
rNeg   . . .     Faith    .     a - +0 hat
rPois  .         Spirit   .     d - +2 amulet of reflection
rElec  .         Dismiss  .     (no ring)
rCorr  .         Reflect  +     (no ring)
SustAt .         Harm     .     (no ring)
MR     .....                    (no ring)
Stlth  +++.......               (no ring)
                                (no ring)
                                (no ring)
                                (no ring)

@: repel missiles, not resistant to hostile enchantments, fairly stealthy
A: almost no armour, amphibious, 8 rings, constrict 8, camouflage 1, gelatinous
body 1
a: no special abilities


You were on level 2 of the Dungeon.
You were not hungry.

You visited 1 branch of the dungeon, and saw 2 of its levels.

You collected 113 gold pieces.

Inventory:

Hand Weapons
 h - a +5 club (weapon)
Missiles
 e - 26 poisoned needles
Armour
 a - a +0 hat (worn)
Jewellery
 d - a +2 amulet of reflection (around mantle)
Scrolls
 f - a scroll of identify {unknown}
 i - 2 scrolls of noise {unknown}
 k - a scroll of remove curse {unknown}
 l - a scroll of magic mapping {unknown}
Potions
 g - a potion of brilliance {unknown}
 n - a potion of curing
 p - a potion of magic {unknown}
Books
 b - a book of Minor Magic

   Spells                             Type                      Level
   a - Magic Dart                     Conjuration                  1
   b - Blink                          Translocation                2
   c - Call Imp                       Summoning                    2
   d - Repel Missiles                 Charms/Air                   2
   e - Slow                           Hexes                        2
   f - Conjure Flame                  Conjuration/Fire             3
   g - Mephitic Cloud                 Conjuration/Poison/Air       3
Comestibles
 c - 2 bread rations
 j - a beef jerky
 m - a meat ration
 o - a chunk of flesh
 q - a royal jelly


   Skills:
 - Level 2.0 Dodging
 - Level 2.6 Stealth
 - Level 3.0 Spellcasting
 * Level 4.9 Conjurations
   Level 1.0 Summonings
   Level 1.0 Translocations


You had one spell level left.
You knew the following spells:

 Your Spells              Type           Power        Failure   Level  Hunger
a - Magic Dart            Conj           ###.         1%          1    None
b - Repel Missiles        Chrm/Air       #.....       21%         2    ##.....
c - Mephitic Cloud        Conj/Pois/Air  ##......     21%         3    ###....
d - Conjure Flame         Conj/Fire      ##......     14%         3    ###....


Dungeon Overview and Level Annotations

Branches:
Dungeon (2/15)

Altars:
Ru

Annotations:
D:2 Terence


Innate Abilities, Weirdness & Mutations

You cannot wear most types of armour.
You are amphibious.
You can wear up to eight rings at the same time.
You can use your tentacles to constrict eight enemies at once.
Your skin changes colour to match your surroundings (Stealth).
Your rubbery body absorbs attacks (AC +1).


Message History

The bat hits you.
You hit the bat.
You kill the bat!
You see here a bat corpse.
You butcher the bat corpse.
o - a chunk of flesh Level annotation: Terence Welcome back, lightmor the Octopode Wizard.
Press ? for a list of commands and other information.
Saving game... please wait.
Level annotation: Terence Welcome back, lightmor the Octopode Wizard.
Press ? for a list of commands and other information.
Are you sure you want to abandon this character and quit the game? (Confirm with "yes".)
Okay, then.
Saving game... please wait.
Level annotation: Terence Welcome back, lightmor the Octopode Wizard.
Press ? for a list of commands and other information.
Are you sure you want to abandon this character and quit the game? (Confirm with "yes".)

####### ############.....#
#####............###.######
####......)#######'.# #.......
#......##.#...#...#.###.######
#.##.#.##.#...#...#.....# #
#.##.#.####.......#.##### #
#.##.#.# ###@_.##### #
#.##...####.......# #
#.###..##.#...#.).# # #.#
#..##.#...#...# #
#.###..##.'#######'. #######
#......##....# ..# #......
#####.###.#### ..# #.#####
#.#...# ... #.##.##
########....####...
....##.#....


There were no monsters in sight!

Vanquished Creatures
  Jessica (D:2)
  An orc wizard (D:2)
  Robin (D:2)
  3 oozes
  A dart slug (D:1)
  2 giant geckos (D:1)
  3 giant cockroaches
  12 goblins
  6 hobgoblins
  5 jackals
  A quokka (D:2)
  A ball python (D:1)
  5 bats
  3 giant newts
  9 kobolds
  5 rats
59 creatures vanquished.

Notes
Turn   | Place    | Note
--------------------------------------------------------------
     0 | D:1      | lightmor the Octopode Wizard began the quest for the Orb.
     0 | D:1      | Reached XP level 1. HP: 11/11 MP: 4/4
   291 | D:1      | Reached skill level 2 in Conjurations
   291 | D:1      | Reached XP level 2. HP: 17/17 MP: 4/6
   340 | D:1      | Learned a level 2 spell: Repel Missiles
  1251 | D:1      | Reached XP level 3. HP: 21/21 MP: 3/7
  1256 | D:1      | Learned a level 3 spell: Mephitic Cloud
  1469 | D:2      | Noticed Jessica
  1472 | D:2      | Killed Jessica
  1472 | D:2      | Reached skill level 3 in Conjurations
  1550 | D:2      | Reached XP level 4. HP: 22/27 MP: 8/8
  1693 | D:2      | Found a faded altar to an unknown god.
  1796 | D:2      | Learned a level 3 spell: Conjure Flame
  2078 | D:2      | Found a sacrificial altar of Ru.
  2089 | D:2      | Reached skill level 4 in Conjurations
  2269 | D:2      | Noticed Terence
  2475 | D:2      | Reached XP level 5. HP: 18/31 MP: 9/9
  2484 | D:2      | Noticed Robin
  2687 | D:2      | Killed Robin
  2985 | D:2      | Quit the game

Skill      XL: |  1  2  3  4 |
---------------+-------------+-----
Conjurations   | 2 3 4 |  4.9
Dodging        | |  2.0
Stealth        | |  2.6
Spellcasting   | |  3.0
Summonings     | |  1.0
Translocations | |  1.0

Action                   |  1- 3 |  4- 6 || total
-------------------------+-------+-------++-------
Melee: Unarmed           |    31 |       ||    31
       Constrict         |     5 |    15 ||    20
       Tentacles         |     4 |     7 ||    11
       Club              |     6 |    69 ||    75
 Cast: Magic Dart        |    47 |     1 ||    48
       Repel Missiles    |     1 |       ||     1
       Mephitic Cloud    |       |     6 ||     6
       Conjure Flame     |       |     2 ||     2
 Stab: Sleeping          |     2 |     1 ||     3
       Invisible         |       |     1 ||     1
       Paralysed         |       |     1 ||     1
       Confused          |       |     1 ||     1
  Eat: Chunk             |     2 |     6 ||     8
Armor: Skin              |     4 |     8 ||    12
Dodge: Dodged            |    18 |    48 ||    66
Block: Other             |     1 |     6 ||     7
